Map: Prion Terraces

Players

MorN

  • Race: Terran Terran
  • League: Master

Mariuslol - Winner!

  • Race: Zerg Zerg
  • League: Master

VOD

Have the link to the VOD?

Description

Time

  • Played on: Nov. 22, 2015, 4:20 a.m.
  • Length: 18:53
Show
View Real Time Build Order
Export as new Build Order

MorN Terran 

Build Orders: Reaper Expand, MMM Bio 

Get SALT Encoding   

  12  0:00  SCV  
  13  0:13  SCV  
  14  0:17  Supply Depot  
  14  0:25  SCV  
  15  0:39  SCV  
  15  0:41  Barracks  
  16  0:46  Refinery  
  16  0:51  SCV  
  17  1:03  SCV  
  18  1:15  SCV  
  19  1:29  Orbital Command  
  19  1:30  Reaper  
  20  1:39  Command Center  
  20  1:55  SCV  
  21  2:08  Command Center  
  21  2:13  SCV  
  22  2:19  Barracks Reactor  
  22  2:25  Supply Depot, SCV  
  23  2:37  Factory  
  23  2:47  SCV  
  24  2:52  Orbital Command  
  24  2:56  Marine x2  
  24  2:57  Refinery  
  26  2:59  SCV  
  27  3:11  SCV  
  28  3:13  Marine  
  28  3:14  Marine  
  30  3:23  Starport  
  30  3:24  Orbital Command  
  30  3:27  Factory Tech Lab  
  30  3:31  Marine x2  
  31  3:37  SCV  
  32  3:41  SCV  
  32  3:42  Bunker  
  33  3:49  SCV  
  33  3:51  Siege Tank  
  33  3:52  SCV  
  38  4:04  Marine x2  
  38  4:06  SCV  
  41  4:10  Medivac  
  41  4:11  SCV  
  41  4:16  Supply Depot, SCV  
  45  4:21  SCV  
  45  4:24  Engineering Bay x2  
  46  4:25  SCV  
  46  4:26  Refinery  
  46  4:27  Refinery  
  46  4:29  SCV  
  48  4:35  Barracks  
  48  4:36  Factory Reactor  
  48  4:37  Barracks  
  48  4:39  SCV, Stimpack  
  48  4:44  Supply Depot  
  49  4:47  SCV  
  49  4:48  SCV  
  49  4:51  SCV  
  52  4:59  SCV, Marine  
  54  5:00  SCV, Starport Reactor  
  54  5:03  SCV  
  54  5:06  Terran Infantry Weapons Level 1  
  56  5:09  Terran Infantry Armor Level 1  
  56  5:12  SCV x2  
  58  5:15  SCV  
  58  5:17  Marine  
  60  5:23  Supply Depot, Factory Reactor, Marine  
  60  5:24  SCV x2  
  63  5:30  Barracks, Marine  
  63  5:31  Barracks  
  63  5:33  Marine x2  
  63  5:34  Marine  
  67  5:39  Supply Depot, Orbital Command  
  67  5:44  Medivac x2  
  71  5:52  SCV  
  71  5:53  Marine x4  
  71  5:55  Marauder  
  78  5:57  SCV  
  78  5:58  Armory  
  79  6:08  SCV x2  
  79  6:11  Marine  
  81  6:12  Marine  
  81  6:13  Marine x2  
  81  6:16  SCV, Marine  
  87  6:22  Supply Depot  
  87  6:23  Barracks Reactor x2, Widow Mine x2  
  91  6:26  SCV x2  
  93  6:35  Marine x5  
  93  6:36  Supply Depot, Medivac  
  93  6:37  Supply Depot  
  100  6:42  Supply Depot  
  100  6:43  SCV  
  100  6:44  Medivac  
  103  6:54  Marauder, Marine x2  
  104  7:05  Marine x2  
  104  7:06  Marine x3  
  104  7:07  Widow Mine x2  
  108  7:08  Terran Infantry Weapons Level 2, Terran Infantry Armor Level 2  
  108  7:10  SCV x2  
  108  7:12  Supply Depot, Medivac  
  112  7:16  SCV, Marauder  
  115  7:23  SCV  
  115  7:24  Command Center  
  115  7:25  Combat Shields  
  116  7:33  Marine x3  
  119  7:37  Marauder  
  119  7:38  Marine x2  
  119  7:40  Marine x3  
  126  7:47  Widow Mine x2  
  126  7:51  SCV, Supply Depot, Marine x3  
  133  7:53  SCV x2  
  133  7:54  Supply Depot  
  133  7:56  Refinery  
  136  7:59  Marauder  
  136  8:03  SCV, Marine  
  136  8:04  Marine  
  141  8:13  SCV, Marine x3  
  141  8:15  Marine x2  
  141  8:18  Terran Vehicle Weapons Level 1  
  141  8:19  Supply Depot, SCV  
  148  8:20  Marauder  
  150  8:27  Barracks, Marine x3  
  150  8:30  Barracks  
  150  8:31  Barracks  
  150  8:33  Medivac x2  
  157  8:38  Marine x2  
  161  8:41  Marauder  
  161  8:42  Marine  
  161  8:43  Marine x2  
  161  8:44  Widow Mine x2  
  161  8:45  Marine  
  169  8:55  Marine  
  167  9:00  Ghost Academy  
  167  9:02  Missile Turret  
  167  9:03  Missile Turret, Marauder  
  167  9:05  Missile Turret  
  167  9:08  Marine x3  
  169  9:12  Supply Depot  
  169  9:14  Widow Mine x2  
  173  9:18  Missile Turret  
  173  9:20  Missile Turret  
  173  9:22  Marine x3  
  173  9:23  Barracks Tech Lab x2  
  178  9:24  Barracks Reactor, Marauder  
  178  9:31  Concussive Shells  
  175  9:38  Marine x2  
  175  9:41  Medivac x2  
  175  9:43  Widow Mine x2  
  175  9:44  Marine  
  175  9:45  Marauder  
  188  9:48  Planetary Fortress  
  188  9:49  Marauder  
  188  9:50  Marine  
  188  9:52  Marauder  
  188  9:53  Marine x2  
  169  10:00  Orbital Command  
  169  10:05  Marine x2  
  169  10:06  Marauder  
  167  10:10  Marine  
  167  10:11  Marine x2, Marauder  
  167  10:12  Marine  
  167  10:14  Marauder  
  142  10:18  Marine x4  
  131  10:22  Marine  
  131  10:23  Marine  
  131  10:28  Marauder, Marine  
  136  10:29  Marine x3  
  136  10:32  Marauder  
  136  10:35  Marine x2, Marauder  
  143  10:36  SCV x2  
  143  10:40  Terran Infantry Weapons Level 3  
  147  10:44  Terran Infantry Armor Level 3  
  147  10:49  Marine x2, Marauder  
  147  10:53  Marine, Marauder  
  147  10:54  Marine x3  
  147  10:56  Marauder  
  150  10:57  Marine x2  
  150  10:58  Marine  
  150  11:01  Marine  
  153  11:07  Marine  
  153  11:09  Marine  
  153  11:10  Marauder  
  143  11:13  Marine  
  143  11:15  Marauder  
  143  11:16  Marine x6  
  143  11:18  Marauder  
  137  11:19  Marine  
  137  11:22  SCV  
  137  11:25  Marine  
  140  11:27  Refinery  
  140  11:28  Refinery  
  140  11:32  Marauder  
  142  11:36  Marauder  
  142  11:39  Marauder, Marine x5  
  149  11:40  Marine x4  
  149  11:43  Supply Depot, Marine, Widow Mine x2  
  149  11:44  Supply Depot  
  160  11:53  Personal Cloaking, Marauder  
  162  11:56  Marine  
  162  11:57  Marine x5  
  162  11:58  Marauder  
  162  12:01  Marauder  
  170  12:12  Marine x3  
  170  12:13  Widow Mine x2, Marine  
  170  12:14  Marauder, Marine, Medivac x2  
  177  12:19  Marauder  
  177  12:20  Command Center  
  177  12:22  Marauder  
  181  12:24  Marine x3  
  181  12:28  Marine  
  181  12:29  Marine  
  186  12:33  Marine x3  
  186  12:36  Marauder  
  191  12:40  Marauder  
  191  12:43  Marauder  
  191  12:44  Medivac  
  195  12:45  Marine x2  
  199  12:51  Marine  
  200  13:10  Command Center  
  200  13:11  Starport  
  194  13:28  Marine x2  
  194  13:29  Marauder  
  192  13:40  Supply Depot, Marine  
  193  13:41  Marauder  
  193  13:42  Marine x3  
  193  13:43  Marauder  
  198  13:53  Marine x2  
  199  14:08  Marine x2  
  199  14:09  Marauder  
  199  14:18  Marine  
  198  15:18  Medivac  
  197  15:41  Ghost x3  
  187  15:49  Marine x2  
  179  15:50  Marine  
  179  15:51  Marine x2  
  179  15:52  Marine  
  159  15:59  Medivac, Marine x3  
  159  16:00  Medivac  
  166  16:09  Medivac  
  166  16:10  Ghost x3  
  165  16:21  Marine x2  
  165  16:23  Marine x4  
  165  16:24  Marine  
  159  16:29  Medivac  
  152  16:32  Marine x2  
  152  16:33  Marine  
  152  16:34  Medivac  
  152  16:38  Ghost x2  
  152  16:39  Marauder, Marine x2, Medivac  
  167  16:41  Marine x3  
  151  17:00  Ghost  
  129  17:05  Marine x3  
  129  17:06  Marine x2  
  129  17:07  Ghost x2  
  124  17:14  Marine x2  
  111  17:21  Marine x3  
  100  17:23  Marine x2  
  100  17:27  Marine x3  
  100  17:28  Ghost  
  102  17:35  Ghost  
  102  17:36  Marauder  
  69  17:56  Marine x3  
  69  17:58  Marauder x2  
  66  18:03  Marine x3  
  66  18:05  Marauder  
  59  18:19  Marauder x2  
  63  18:26  Marauder  
Show
View Real Time Build Order
Export as new Build Order

Mariuslol Zerg - Winner!

Build Orders: Hatch First 

Get SALT Encoding   

  12  0:00  Drone  
  13  0:14  Overlord  
  13  0:20  Drone  
  14  0:33  Drone  
  15  0:38  Drone  
  15  0:39  Drone  
  17  0:54  Hatchery  
  17  0:56  Drone  
  17  0:59  Drone  
  18  1:13  Drone, Extractor  
  18  1:24  Drone, Spawning Pool  
  18  1:30  Drone  
  19  1:40  Drone  
  20  1:52  Overlord  
  20  2:10  Zergling x2  
  20  2:11  Zergling x2  
  20  2:12  Queen x2  
  20  2:13  Zergling x2  
  27  2:18  Metabolic Boost  
  27  2:25  Drone x2  
  29  2:36  Drone  
  30  2:37  Drone  
  30  2:39  Drone  
  32  2:48  Drone x2  
  32  2:49  Queen  
  35  2:57  Overlord  
  35  3:07  Drone  
  36  3:16  Hatchery  
  34  3:21  Drone x2  
  34  3:24  Drone x2  
  38  3:34  Drone  
  38  3:35  Drone x4  
  43  3:43  Overlord  
  43  3:51  Lair  
  43  3:57  Extractor  
  43  3:58  Zergling x2  
  43  4:01  Queen  
  45  4:13  Overlord  
  45  4:14  Zergling x2  
  45  4:15  Drone x5  
  51  4:29  Overlord  
  51  4:32  Drone x3  
  51  4:34  Drone  
  51  4:36  Drone  
  56  4:41  Drone x3  
  56  4:42  Drone x2  
  61  4:50  Overlord, Drone  
  62  4:53  Roach Warren  
  62  4:56  Drone x2  
  62  4:57  Drone, Extractor  
  63  5:01  Extractor  
  63  5:02  Spore Crawler  
  63  5:04  Spore Crawler, Overseer  
  60  5:11  Drone x4  
  60  5:12  Drone x2  
  66  5:15  Spore Crawler, Extractor, Drone x3  
  66  5:16  Drone, Extractor  
  66  5:17  Queen  
  66  5:20  Hatchery  
  68  5:34  Roach  
  68  5:35  Glial Reconstitution, Roach x6  
  82  5:50  Overlord  
  82  5:51  Overlord x3  
  82  5:55  Evolution Chamber  
  82  5:56  Evolution Chamber  
  80  6:06  Overlord  
  80  6:08  Drone x2  
  82  6:15  Pneumatized Carapace  
  82  6:16  Drone x2  
  82  6:17  Drone x4  
  82  6:18  Roach x4  
  94  6:19  Roach  
  94  6:20  Ravager x2  
  94  6:21  Ravager  
  94  6:23  Zerg Missile Weapons Level 1  
  94  6:24  Zerg Ground Armor Level 1  
  101  6:37  Roach  
  101  6:38  Roach x5  
  113  6:44  Drone x2, Roach x3  
  121  6:53  Roach x3  
  121  6:54  Queen  
  122  7:03  Spine Crawler  
  122  7:04  Spine Crawler  
  122  7:07  Drone  
  122  7:08  Drone  
  121  7:10  Hydralisk Den  
  120  7:22  Drone x2, Spire  
  121  7:23  Drone x3  
  121  7:26  Hatchery  
  123  7:30  Spine Crawler  
  123  7:34  Overlord  
  123  7:35  Overlord x2  
  122  7:42  Overlord  
  122  7:54  Roach x9  
  122  7:57  Overlord  
  140  8:04  Drone x2  
  142  8:06  Roach x2  
  142  8:07  Ravager x3  
  142  8:08  Ravager x2  
  142  8:12  Overseer x2  
  151  8:18  Muscular Augments  
  151  8:23  Overlord  
  151  8:25  Overlord x2, Roach  
  151  8:26  Roach x2  
  157  8:30  Zerg Missile Weapons Level 2  
  157  8:43  Spore Crawler  
  157  8:44  Spine Crawler  
  157  8:45  Infestation Pit  
  154  8:52  Drone  
  154  8:53  Drone, Overlord x2  
  154  8:54  Hydralisk x4  
  163  9:06  Hydralisk x3  
  163  9:07  Hydralisk  
  171  9:12  Spore Crawler  
  170  9:22  Spine Crawler  
  169  9:26  Roach x7  
  169  9:27  Roach x2  
  169  9:29  Ravager x4  
  169  9:31  Overseer  
  186  9:39  Drone x3  
  186  9:40  Drone x5  
  192  9:58  Roach x8  
  190  10:01  Overlord x2  
  184  10:11  Hydralisk x6  
  184  10:13  Roach  
  154  10:17  Roach  
  154  10:18  Roach x2  
  114  10:31  Ravager x4  
  114  10:34  Roach x2, Extractor  
  121  10:35  Extractor  
  121  10:41  Roach x4  
  121  10:42  Roach  
  130  10:43  Hatchery  
  130  10:46  Roach x2  
  133  10:52  Roach x2  
  133  10:55  Roach x3  
  133  10:56  Roach  
  143  11:01  Roach x3  
  137  11:14  Roach  
  137  11:15  Roach x8  
  137  11:16  Roach  
  155  11:21  Hive  
  155  11:32  Hydralisk x3  
  153  11:33  Hydralisk  
  161  11:42  Drone x7  
  168  11:47  Spine Crawler  
  168  11:50  Zerg Ground Armor Level 2  
  168  11:51  Zerg Melee Weapons Level 1  
  158  12:19  Spore Crawler, Spine Crawler  
  156  12:26  Hatchery  
  155  12:44  Adrenal Glands  
  155  12:45  Ultralisk Cavern  
  149  12:53  Extractor  
  149  12:56  Drone x5  
  149  12:57  Drone x5  
  158  13:00  Hydralisk x7  
  158  13:01  Hydralisk x4  
  158  13:02  Roach x3  
  158  13:03  Ravager x4  
  158  13:04  Overseer  
  187  13:24  Overlord x3  
  186  13:29  Extractor  
  186  13:31  Extractor  
  184  13:36  Hatchery, Overlord x2  
  184  13:37  Overlord x3  
  181  13:56  Extractor x2  
  181  14:00  Ultralisk  
  181  14:02  Chitinous Plating  
  178  14:23  Overlord x5  
  178  14:24  Overlord x2  
  170  14:32  Overlord x4  
  170  14:38  Zerg Melee Weapons Level 2  
  170  14:39  Zerg Ground Armor Level 3  
  170  14:42  Ultralisk  
  178  14:50  Ultralisk  
  182  15:11  Ultralisk  
  182  15:12  Hatchery  
  187  15:17  Extractor  
  187  15:19  Ultralisk  
  179  15:43  Ultralisk  
  161  16:11  Ultralisk, Hatchery  
  161  16:14  Zergling x2  
  161  16:15  Zergling x22  
  140  16:48  Ultralisk  
  133  17:05  Ultralisk  
  122  17:23  Hydralisk x2  
  124  17:33  Zergling x12  
  124  17:34  Zergling x4  
  132  17:37  Zergling x2  
  133  17:49  Ultralisk  
  128  18:05  Ultralisk  
  132  18:07  Extractor  
  132  18:09  Extractor  
  130  18:14  Zergling x10  
  129  18:34  Overseer x2  
  118  18:46  Hatchery  
Tags
 
Add a new tag
Caveats
  • Supply blocks, unpowered buildings, or Contaminate may cause inaccurate times.
  • Supply counts are checked every 10 seconds.